 Dungeon Crawl Stone Soup version 0.31.0-32-g396128a36d (webtiles) character file.

Game seed: 9031909861408480282

57133 H0rd4k the Martial Artist (level 14, -2/92 HPs)
             Began as an Octopode Artificer on Apr 22, 2024.
             Was an Initiate of Gozag.
             Slain by a redback (3 damage)
             ... on level 5 of the Lair of Beasts.
             The game lasted 00:39:57 (14794 turns).

H0rd4k the Martial Artist (Octopode Artificer)     Turns: 14794, Time: 00:39:58

Health: -2/92      AC: 11    Str: 18    XL:     14   Next: 84%
Magic:  35/36      EV: 20    Int: 24    God:    Gozag
Gold:   2527       SH:  0    Dex: 11    Spells: 27/31 levels left

rFire   + . .        z - +7 quick blade "Jiosottie" {drain, Int+5 SInv}
rCold   . . .        (no shield)
rNeg    . . .        (helmet currently unavailable)
rPois   .            K - amulet of regeneration
rElec   .            n - +5 ring of evasion
rCorr   +            u - +4 ring of protection
SInv    +            b - +6 ring of strength
Will    +....        x - ring of magical power
Stlth   +++++        k - ring "Jirgheyh" {*Corrode rF+ Int+2 SInv}
HPRegen 1.15/turn    J - ring of Opnyugh {rCorr AC+4 Slay+3}
MPRegen 0.25/turn    F - ring of wizardry
                     L - ring of see invisible

%: corrode self (3%), wizardry (x1)
@: lethally poisoned (-2 -> -85), about to teleport, beast-form, gold aura
A: beast (slay +4), almost no armour, amphibious, 8 rings, camouflage 1,
gelatinous body 1, (nimble swimmer 1), tentacles, iridescent scales 1, clumsy 1,
subdued magic 1
a: Begin Untransformation, Renounce Religion, Potion Petition, Call Merchant,
Bribe Branch


You were on level 5 of the Lair of Beasts.
You worshipped Gozag.
Gozag was most pleased with you.
You were a hulking beast.
You visited 3 branches of the dungeon, and saw 15 of its levels.
You also visited: Bailey and Volcano.

You collected 4985 gold pieces.
You spent 1734 gold pieces at shops.
You paid 724 gold pieces to Gozag.

Inventory:

Hand Weapons
 z - the +7 quick blade "Jiosottie" (weapon) {drain, Int+5 SInv}
   (You bought it in a shop on level 8 of the Dungeon)

   Int+5:     It affects your intelligence (+5).
   SInv:      It lets you see invisible.
Missiles
 i - 26 poisoned darts (quivered)
 w - a throwing net
 G - 6 curare-tipped darts
Magical Staves
 s - a staff of fire
 v - a staff of alchemy
 R - a staff of air
Jewellery
 b - a +6 ring of strength (on tentacle)
 k - the ring "Jirgheyh" (on tentacle) {*Corrode rF+ Int+2 SInv}
   (You found it on level 2 of the Lair of Beasts)

   [ring of see invisible]

   Int+2:     It affects your intelligence (+2).
   rF+:       It protects you from fire.
   SInv:      It lets you see invisible.
   *Corrode:  It may corrode you when you take damage.
 n - a +5 ring of evasion (left tentacle)
 p - a ring of positive energy
 u - a +4 ring of protection (right tentacle)
 x - a ring of magical power (on tentacle)
 y - the amulet "Ulisch" {Spirit Str+3 SInv}
   (You found it in a volcano)

   [amulet of guardian spirit]

   Spirit:    It causes incoming damage to be divided between your reserves of
   health and magic.
   Str+3:     It affects your strength (+3).
   SInv:      It lets you see invisible.
 F - a ring of wizardry (on tentacle)
 J - the ring of Opnyugh (on tentacle) {rCorr AC+4 Slay+3}
   (You bought it in a shop on level 4 of the Dungeon)

   [ring of protection]

   AC+4:      It affects your AC (+4).
   Slay+3:    It affects your accuracy & damage with ranged weapons and melee
   (+3).
   rCorr:     It protects you from acid and corrosion.
 K - an amulet of regeneration (around mantle)
 L - a ring of see invisible (on tentacle)
 P - a ring of protection from cold
Talismans
 j - a beast talisman (active)
 r - a granite talisman
 C - a blade talisman
Wands
 d - a wand of light (18)
 m - a wand of polymorph (5)
 A - a wand of digging (7)
 D - a wand of roots (6)
 N - a wand of charming (5)
Scrolls
 c - 3 scrolls of poison
 h - a scroll of silence
 l - 2 scrolls of amnesia
 o - 6 scrolls of teleportation
 E - a scroll of brand weapon
 H - a scroll of enchant weapon
 M - a scroll of fear {unknown}
Potions
 a - a potion of ambrosia
 e - a potion of berserk rage
 f - 3 potions of curing
 g - 2 potions of mutation
 q - 2 potions of cancellation
 t - a potion of might
 I - a potion of magic
 O - a potion of enlightenment {unknown}
 Q - a potion of resistance {unknown}


   Skills:
 + Level 7.4 Fighting
 * Level 7.5 Short Blades
 - Level 4.3 Throwing
 + Level 6.7 Dodging
 + Level 9.0 Stealth
 - Level 13.2 Unarmed Combat
 * Level 9.0 Spellcasting
 + Level 3.6 Translocations
 + Level 4.6 Evocations
 * Level 12.1 Shapeshifting


You had 27 spell levels left.
You knew the following spells:

 Your Spells              Type           Power      Damage    Failure   Level
a - Blink                 Tloc           42%        N/A       1%          2
b - Lesser Beckoning      Tloc           42%        N/A       1%          2

Your spell library contained the following spells:

 Spells                   Type           Power      Damage    Failure   Level
 Apportation              Tloc           42%        N/A       1%          1
 Kiss of Death            Conj/Necr      32%        2d7       1%          1
 Magic Dart               Conj           32%        1d4       1%          1
 Momentum Strike          Conj/Tloc      30%        3d8       1%          2
 Teleport Other           Tloc           21%        N/A       1%          3
 Call Imp                 Summ           16%        N/A       2%          2
 Cigotuvi's Dreadful Rot  Necr/Alch/Air  16%        N/A       2%          2
 Jinxbite                 Hex            16%        N/A       2%          2
 Manifold Assault         Tloc           21%        N/A       4%          4
 Confusing Touch          Hex            8%         N/A       6%          3
 Fugue of the Fallen      Necr           8%         N/A       6%          3
 Ozocubu's Armour         Ice            8%         N/A       6%          3
 Dispel Undead            Necr           8%         3d8       21%         4
 Ignite Poison            Fire/Alch      8%         N/A       21%         4
 Leda's Liquefaction      Alch/Erth      4%         N/A       21%         4
 Martyr's Knell           Necr/Summ      8%         N/A       21%         4
 Summon Blazeheart Golem  Fire/Summ      8%         N/A       21%         4
 Alistair's Intoxication  Alch           5%         N/A       47%         5
 Borgnjor's Vile Clutch   Necr/Erth      4%         N/A       47%         5
 Freezing Cloud           Conj/Ice/Air   4%         6-21      47%         5
 Lee's Rapid Deconstruct  Erth           4%         3d5*      47%         5
 Bombard                  Conj/Erth      4%         9d2       96%         6
 Orb of Destruction       Conj           4%         9d5       100%        7
 Spellforged Servitor     Conj/Summ      4%         N/A       100%        7


Dungeon Overview and Level Annotations

Branches:
Dungeon (9/15)             Temple (1/1) D:4            Lair (5/5) D:8
 Shoals (0/4) Lair:3       Spider (0/4) Lair:3        Slime (0/5) Lair:5
    Orc (0/2) D:9          Bailey (visited)         Volcano (visited)

Altars:
Ashenzari
Cheibriados
Dithmenos
Elyvilon
Fedhas
Gozag
Hepliaklqana
Kikubaaqudgha
Makhleb
Nemelex Xobeh
Okawaru
Qazlal
Ru
Sif Muna
Trog
Uskayaw
Vehumet
Wu Jian
Xom
Yredelemnul
Zin
The Shining One

Shops:
D:1 [   D:4 :=([   D:7 (   D:8 (

Annotations:
D:4 exclusion: downstairs
D:7 1 runed translucent door, exclusion: door, Crazy Yiuf
D:8 2 transporters
D:9 2 transporters
Lair:2 exclusion: 2 downstairs
Lair:3 exclusion: 4 oklob plants
Lair:5 exclusion: fire dragon


Innate Abilities, Weirdness & Mutations

You are a hulking beast.
Your limbs bulge with bestial killing power. (Slay +4)
You cannot wear most types of armour.
You are amphibious.
You can wear up to eight rings at the same time.
Your skin changes colour to match your surroundings (Stealth+).
Your rubbery body absorbs attacks. (AC +1, EV +1)
((You are camouflaged when in or above water. (Stealth+)))
You have tentacles for arms and can constrict up to eight enemies at once.
You are partially covered in iridescent scales. (AC +2)
You are clumsy. (Dex -2)
Your spells are a little easier to cast, but a little less powerful.


Message History

You are poisoned.
The redback poisons you! The redback closely misses you.
Your Spellcasting skill increases to level 9!
As you read the scroll of teleportation, it crumbles to dust.
You feel strangely unstable.
You feel extremely sick. The black mamba closely misses you.
The black mamba barely misses you. The redback barely misses you.
The redback bites you.
The guardian serpent completely misses you.
The black mamba barely misses you. The black mamba bites you!
The redback barely misses you. The redback bites you.
You puncture the guardian serpent! You squeeze the guardian serpent!
You hit the guardian serpent but do no damage.
You squeeze the guardian serpent!
The guardian serpent is severely wounded.
You feel very sick. The black mamba closely misses you.
The black mamba misses you.
The guardian serpent coils itself and waves its upper body at you.
The bolt of poison hits you!!
You are lethally poisoned!
* * * LOW HITPOINT WARNING * * *
The bolt of poison misses the black mamba.
The redback bites you!
* * * LOW HITPOINT WARNING * * *
You are more poisoned.
The redback poisons you! The redback closely misses you.
The black mamba barely misses you. The black mamba bites you.
* * * LOW HITPOINT WARNING * * *
You are more poisoned.
The black mamba poisons you!
You feel much better.
* * * LOW HITPOINT WARNING * * *
You feel extremely sick. The guardian serpent hits you.
* * * LOW HITPOINT WARNING * * *
The black mamba misses you.
The redback bites you but does no damage.
The black mamba closely misses you. The redback bites you.
You die...
Your body crumbles into a pile of gold.

........P...##/####?##...........
......##....#.$.?(.$.#....##.....
......##....##.$/?$.##....##.....
.......##....#......#....##......
........##...##....##...##.......
.........##...#....#...##........
....#.....##..##..##..##.....#...
....###....##(.#Ss#.)##....###...
......###...##.#hs#...)..###.....
........###[.###SS###..###.......
.....P....#####....#####....P....
............##......##...........
...........)##......##...........
..........#####......###....P....
........###..######....###.......
....P.###...##..##..##...###.....
....###....##.[####..##....###...


You could see a guardian serpent, 2 black mambas and 2 redbacks.

Vanquished Creatures
  Snorg (Lair:3)
  5 hydras
  A two-headed ogre (D:8)
  Amaemon (Lair:1)
  3 skysharks
  2 deep elf archers (Volcano)
  7 deep elf pyromancers (Volcano)
  A lindwurm (Lair:5)
  A wolf spider (Lair:5)
  4 elephants (Lair:3)
  An orange demon (Lair:1)
  7 black mambas
  26 cane toads
  3 rime drakes
  7 torpor snails
  6 komodo dragons
  A troll (D:9)
  3 polar bears
  4 tyrant leeches (Lair:5)
  9 hornets
  6 dream sheep (Lair:4)
  11 blink frogs
  A snapping turtle (Lair:3)
  Sigmund (D:5)
  A water elemental (Lair:3)
  12 wyverns
  4 basilisks
  3 redbacks (Lair:3)
  58 yaks
  A golden eye (Lair:3)
  4 fire elementals (Volcano)
  2 steam dragons
  Duvessa (D:6)
  27 water moccasins
  A black bear (Lair:3)
  5 hell hounds (Volcano)
  An ice beast (D:5)
  9 orc warriors
  2 centaurs (D:9)
  2 phantoms
  2 kobold brigands
  11 bullfrogs
  A gnoll sergeant (D:7)
  Blork the orc (D:5)
  A scorpion (D:7)
  4 wights (D:8)
  6 killer bees (D:9)
  5 howler monkeys
  3 electric eels
  2 jellies
  4 bombardier beetles
  4 orc priests
  5 iguanas
  7 orc wizards
  6 hell rats (Lair:3)
  3 gnolls (D:7)
  5 adders
  3 white imps
  4 ufetubi
  A ribbon worm (D:5)
  A dart slug (D:1)
  45 orcs
  3 bats (D:1)
  6 endoplasms
  3 giant cockroaches
  9 goblins
  6 hobgoblins
  7 quokkas
  6 ball pythons
  6 frilled lizards
  12 kobolds
  7 rats
434 creatures vanquished.

Vanquished Creatures (collateral kills)
  4 death yaks (Lair:5)
  A cane toad (Lair:5)
  A komodo dragon (D:8)
  A troll (D:9)
  A wyvern (Lair:5)
  5 yaks
  A redback (Lair:5)
  An ice beast (D:6)
  Dowan (D:6)
  An adder (D:6)
  2 orcs (D:4)
  A ball python (D:4)
20 creatures vanquished.

Vanquished Creatures (others)
  A yak (D:6)
  A wyvern (D:8)
  A bombardier beetle (D:5)
3 creatures vanquished.

Grand Total: 457 creatures vanquished

Notes
Turn   | Place    | Note
-------+----------+-------------------------------------------
     0 | D:1      | H0rd4k the Octopode Artificer began the quest for the Orb.
     0 | D:1      | Reached XP level 1. HP: 13/13 MP: 1/1
   231 | D:1      | Reached skill level 1 in Unarmed Combat
   231 | D:1      | Reached XP level 2. HP: 10/18 MP: 2/2
   591 | D:1      | Reached XP level 3. HP: 24/24 MP: 3/3
   632 | D:1      | Reached skill level 2 in Unarmed Combat
   749 | D:1      | Found Dysacw Giom's Antique Armour Boutique.
   995 | D:2      | Found a radiant altar of Vehumet.
  1534 | D:3      | Found a faded altar of an unknown god.
  1738 | D:3      | Reached XP level 4. HP: 29/29 MP: 4/4
  1740 | D:3      | Reached skill level 3 in Unarmed Combat
  2057 | D:4      | Noticed a phantom
  2133 | D:4      | Killed a phantom
  2134 | D:4      | Reached skill level 4 in Unarmed Combat
  2134 | D:4      | Reached XP level 5. HP: 35/35 MP: 5/5
  2255 | D:4      | Found Gaokypoe's Armour Shoppe.
  2390 | D:4      | Found Kuocseh's Jewellery Shoppe.
  2393 | D:4      | Found a staircase to the Ecumenical Temple.
  2413 | D:4      | Found Rogoitaq's Book Shop.
  2413 | D:4      | Noticed a walking earthen tome
  2413 | D:4      | Noticed a walking frostbound tome
  2421 | Temple   | Entered the Ecumenical Temple
  2434 | Temple   | Became a worshipper of Gozag Ym Sagoz the Greedy
  2498 | D:4      | Found Sobaeloi's Antique Weapon Emporium.
  2717 | D:5      | Entered Level 5 of the Dungeon
  2756 | D:5      | Reached XP level 6. HP: 41/41 MP: 6/6
  2771 | D:5      | Reached skill level 5 in Unarmed Combat
  2848 | D:5      | Noticed Blork the orc
  2848 | D:5      | Noticed Sigmund
  2850 | D:5      | Killed Blork the orc
  2850 | D:5      | Killed Sigmund
  2851 | D:5      | Reached skill level 6 in Unarmed Combat
  2851 | D:5      | Reached skill level 1 in Shapeshifting
  2851 | D:5      | Reached XP level 7. HP: 45/45 MP: 7/7
  3434 | D:6      | Found an iron altar of Okawaru.
  3569 | D:6      | Reached skill level 7 in Unarmed Combat
  3665 | D:6      | Noticed a yak
  3665 | D:6      | Noticed a yak
  3688 | D:6      | Noticed Dowan
  3690 | D:6      | Noticed Duvessa
  3703 | D:6      | Killed Dowan
  3723 | D:6      | Killed a yak
  3724 | D:6      | Reached XP level 8. HP: 34/52 MP: 8/8
  3727 | D:6      | Killed Duvessa
  3738 | D:6      | Reached skill level 8 in Unarmed Combat
  3905 | D:6      | Noticed a yak
  3907 | D:6      | Noticed a yak
  3922 | D:6      | Killed a yak
  3933 | D:6      | Killed a yak
  4040 | D:6      | Reached skill level 9 in Unarmed Combat
  4595 | D:7      | Reached XP level 9. HP: 45/57 MP: 9/9
  4704 | D:7      | Found Tocack's Weapon Shop.
  4902 | D:7      | Found a runed translucent door.
  4903 | D:7      | Noticed Crazy Yiuf
  5041 | D:7      | Reached skill level 10 in Unarmed Combat
  5491 | D:8      | Found a sacrificial altar of Ru.
  5552 | D:8      | Found a staircase to the Lair.
  5553 | D:8      | Noticed a komodo dragon
  5573 | D:8      | Killed a komodo dragon
  5584 | D:8      | Noticed a two-headed ogre
  5596 | D:8      | Killed a two-headed ogre
  5597 | D:8      | Reached skill level 11 in Unarmed Combat
  5597 | D:8      | Reached skill level 5 in Shapeshifting
  5632 | D:8      | Found a flagged portal.
  5640 | Bailey   | Entered a bailey
  5733 | Bailey   | Reached XP level 10. HP: 59/63 MP: 10/10
  5886 | Bailey   | Found the +3 Mad Mage's Maulers {Infuse+∞ VampMP -Cast}
  6232 | Bailey   | Reached skill level 12 in Unarmed Combat
  6262 | Bailey   | Got Soewel's Incunabulum of Twisted Cadavers
  6455 | Bailey   | Identified the +0 storm dragon scales of Poor Excuses
                  | {Rampage rElec rN+}
  6627 | D:8      | Found a broken altar of Ashenzari.
  6639 | D:8      | Reached skill level 1 in Throwing
  6718 | D:8      | Found a transporter.
  6748 | D:8      | Found a transporter.
  6984 | D:8      | Found a blossoming altar of Fedhas.
  7215 | D:4      | Bought the ring of Opnyugh {rCorr AC+4 Slay+3} for 734 gold
                  | pieces
  7215 | D:4      | Bought an amulet of regeneration for 360 gold pieces
  7462 | D:9      | HP: 3/63 [troll (10)]
  7483 | D:9      | Gained mutation: Your spells are a little easier to cast,
                  | but a little less powerful. [potion of mutation]
  7483 | D:9      | Gained mutation: You are partially covered in iridescent
                  | scales. (AC +2) [potion of mutation]
  7483 | D:9      | Gained mutation: You are clumsy. (Dex -2) [potion of
                  | mutation]
  7620 | D:9      | Found a hazy altar of Hepliaklqana.
  7620 | D:9      | Found a sparkling altar of Nemelex Xobeh.
  7620 | D:9      | Found a burning altar of Makhleb.
  7620 | D:9      | Noticed a four-headed hydra
  7622 | D:9      | Found a transporter.
  7622 | D:9      | Noticed a two-headed ogre
  7806 | D:9      | Found a staircase to the Orcish Mines.
  8044 | D:9      | Reached skill level 13 in Unarmed Combat
  8182 | D:9      | Found a transporter.
  8200 | D:9      | Reached XP level 11. HP: 67/69 MP: 11/11
  8587 | Lair:1   | Entered Level 1 of the Lair of Beasts
  8665 | Lair:1   | Reached skill level 1 in Spellcasting
  9018 | Lair:1   | Noticed Amaemon
  9060 | Lair:1   | Killed Amaemon
  9239 | Lair:1   | Identified the +8 spear of Rotten Resourcefulness {drain,
                  | rN+ MP+9 Int-4}
  9419 | Lair:1   | Reached skill level 5 in Spellcasting
  9419 | Lair:1   | Reached XP level 12. HP: 76/76 MP: 19/19
  9422 | Lair:1   | Reached skill level 5 in Fighting
  9709 | Lair:2   | Noticed a five-headed hydra
  9720 | Lair:2   | Killed a five-headed hydra
  9726 | Lair:2   | Reached skill level 10 in Shapeshifting
  9848 | Lair:2   | Identified the ring "Jirgheyh" {*Corrode rF+ Int+2 SInv}
 10479 | Lair:3   | Noticed Snorg
 10800 | Lair:3   | Noticed a skyshark
 10809 | Lair:3   | Noticed an eight-headed hydra
 10829 | Lair:3   | Killed a skyshark
 10832 | Lair:3   | Killed an eight-headed hydra
 10899 | Lair:3   | Killed Snorg
 10900 | Lair:3   | Reached skill level 5 in Stealth
 10900 | Lair:3   | Reached XP level 13. HP: 72/83 MP: 23/23
 11015 | Lair:3   | Found a hole to the Spider Nest.
 11708 | Lair:3   | Found a staircase to the Shoals.
 11770 | Lair:3   | Learned a level 2 spell: Blink
 12191 | Lair:4   | Reached skill level 5 in Dodging
 12275 | Lair:4   | Reached skill level 1 in Translocations
 12785 | D:8      | Bought a warped quick blade for 640 gold pieces
 12785 | D:8      | Identified the +7 quick blade "Jiosottie" {drain, Int+5
                  | SInv} (You bought it in a shop on level 8 of the Dungeon)
 12901 | Lair:5   | Entered Level 5 of the Lair of Beasts
 13054 | Lair:5   | Reached skill level 1 in Short Blades
 13217 | Lair:5   | Reached XP level 14. HP: 39/90 MP: 26/26
 13235 | Lair:5   | Found a dark tunnel.
 13240 | Volcano  | Entered a volcano
 13490 | Volcano  | Identified the +0 helmet of the Hippo {+Blink rPois Will+
                  | Slay+2}
 13507 | Volcano  | Identified the +1 pair of gloves of the Louse {Int-2 Dex+3
                  | Stlth+}
 13508 | Volcano  | Identified the amulet "Ulisch" {Spirit Str+3 SInv}
 13793 | Lair:5   | Reached skill level 5 in Short Blades
 13841 | Lair:5   | Learned a level 2 spell: Lesser Beckoning
 14060 | Lair:5   | Found a staircase to the Slime Pits.
 14589 | Lair:5   | Paralysed by a hornet for 3 turns
 14793 | Lair:5   | HP: 2/92 [black mamba (3)]
 14794 | Lair:5   | Slain by a redback

Illustrated notes

Levels and vault maps discovered:
D:1:      dpeg_arrival_renting, layout_basic, serial_shops, shop
D:2:      layout_rooms, basic_altar, serial_curves, eino_curves_01,
          eino_curves_03
D:3:      layout_basic, dreamdust_ecumenical_altar_statues
D:4:      layout_rooms, minmay_temple_entry_overgrown, serial_shops, shop,
          nicolae_shop_tiny_real_fake_doors, nicolae_shop_mannequins,
          kennysheep_mini_moat, st_stairs_3
D:5:      layout_cave_pools, corexii_corridor_pit, nicolae_fountain_basement,
          uniq_blork_the_orc, uniq_sigmund
D:6:      layout_basic, okawaru_trees_1, serial_corexii_hall,
          corexii_hall_statues_i, chequers_hall_statues_corner_a,
          chequers_hall_statues_wall_a, corexii_hall_statues_x,
          minmay_misc_feat_pillars, kennysheep_decorative_pillar, uniq_duvessa
D:7:      layout_loops_ring, serial_shops, shop, uniq_crazy_yiuf_cottage
D:8:      layout_loops_ring, general_overflow_altar, fedhas_altar_4,
          cheibrodos_ashenzari_chains, david_lair_shrubbed, enter_bailey_2,
          hangedman_decor_diamond_cutter, nicolae_diode_stairs
D:9:      layout_basic, gammafunk_temple_overflow_arena, orc_0_dummy
Temple:   eino_wide_crystal_templ
Lair:1:   layout_cave_pods, grunt_megastairs_5, infiniplex_staircase_pool,
          serial_bayou_shore_a, uniq_amaemon
Lair:2:   layout_regular_city, serial_bayou_pond_e
Lair:3:   cheibrodos_lair_river_kwai, layout_hall_layers,
          minmay_shoals_entry_hut, spider_nest_entry_webs, st_stairs_6,
          disabler_island, uniq_snorg
Lair:4:   layout_small_grid
Lair:5:   hangedman_lair_tendril_chambers, layout_regular_city, wormcave,
          slime_entry_1, enter_volcano_1

Skill      XL: |  1  2  3  4  5  6  7  8  9 10 11 12 13 14 |
---------------+-------------------------------------------+-----
Unarmed Combat | 1 2 4 6 7 9 11 13 | 13.2
Fighting       | 2 3 4 6 7 |  7.4
Shapeshifting  | 1 2 3 5 6 9 11 12 | 12.1
Throwing       | 4 |  4.3
Spellcasting   | 5 7 8 9 |  9.0
Stealth        | 5 8 9 |  9.0
Dodging        | 3 6 |  6.7
Evocations     | 4 |  4.6
Translocations | 3 |  3.6
Short Blades   | 2 7 |  7.5

Action                     |  1- 3 |  4- 6 |  7- 9 | 10-12 | 13-15 || total
---------------------------+-------+-------+-------+-------+-------++-------
  Melee: Unarmed           |    97 |    72 |   124 |   405 |   148 ||   846
         Constrict         |    25 |    18 |    35 |    72 |    65 ||   215
         Tentacles         |    25 |     8 |    34 |   118 |   175 ||   360
         Punch             |       |     3 |     7 |    34 |    58 ||   102
         Quick blade       |       |       |       |       |   403 ||   403
  Throw: Dart              |       |       |     1 |    49 |     7 ||    57
 Invoke: Call Merchant     |       |       |       |       |     1 ||     1
  Evoke: Wand              |       |    13 |    26 |    16 |     6 ||    61
    Use: Scroll            |       |       |    10 |     7 |     5 ||    22
         Potion            |       |       |       |     4 |     4 ||     8
   Stab: Sleeping          |    13 |     3 |     8 |     6 |     3 ||    33
         Invisible         |       |       |     1 |     5 |     3 ||     9
         Distracted        |       |       |     1 |     5 |     7 ||    13
 Armour: Skin              |    38 |    23 |    35 |   167 |   178 ||   441
  Dodge: Dodged            |    57 |    41 |    83 |   226 |   248 ||   655
   Form: Beast             |       |     1 |       |       |     1 ||     2
                           |       |       |       |       |     1 ||     1
         Blade             |       |       |       |       |     1 ||     1
